 Dungeon Crawl Stone Soup version 0.19.0-16-g73b5abf (webtiles) character file.

5091 MovingMist the Nimble (level 10, -8/58 HPs)
             Began as a Gargoyle Fighter on Nov 10, 2016.
             Was a Priest of Hepliaklqana.
             Mangled by an orc warrior
             ... wielding a +0 dire flail
              (19 damage)
             ... on level 9 of the Dungeon.
             The game lasted 00:23:33 (7166 turns).

MovingMist the Nimble (Gargoyle Fighter)            Turns: 7166, Time: 00:23:35

Health: -8/58      AC: 17    Str: 23    XL:     10   Next: 57%
Magic:  10/10      EV: 12    Int: 11    God:    Hepliaklqana [***...]
Gold:   475        SH:  0    Dex: 12    Spells: 0 memorised, 9 levels left

rFire  + . .     SeeInvis .     N - +0 dire flail
rCold  . . .     Gourm    .     n - +0 chain mail
rNeg   + . .     Faith    .     (shield currently unavailable)
rPois  ∞         Spirit   .     (helmet restricted)
rElec  +         Reflect  .     (no cloak)
rCorr  .         Harm     .     E - +0 pair of gloves
MR     +....     Clarity  +     (no boots)
Stlth  ..........               (no amulet)
                                p - ring of protection from fire
                                m - +3 ring of intelligence

@: no status effects
A: reduced essence, antennae 1, talons 2, clarity, magic resistance 1, negative
energy resistance 1, electricity resistance, strong 1, wild magic 1,
unbreathing, petrification resistance, rot immunity, AC +7
a: Recall Ancestor, Ancestor Identity, Transference, Renounce Religion


You were on level 9 of the Dungeon.
You worshipped Hepliaklqana.
Hepliaklqana was most pleased with you.
You were hungry.

You visited 1 branch of the dungeon, and saw 9 of its levels.
You also visited: Ossuary.

You collected 475 gold pieces.

Inventory:

Hand Weapons
 H - a +0 morningstar
 N - a +0 dire flail (weapon)
Armour
 c - a +0 shield
 n - a +0 chain mail (worn)
 E - a +0 pair of gloves (worn)
Jewellery
 m - a +3 ring of intelligence (left hand)
 p - a ring of protection from fire (right hand)
 C - an uncursed ring of fire
Wands
 M - a wand of lightning (7/15)
Scrolls
 e - a scroll of brand weapon {unknown}
 h - 5 scrolls of teleportation
 i - 5 scrolls of remove curse
 j - a scroll of immolation {unknown}
 l - 4 scrolls of random uselessness {unknown}
 o - 2 scrolls of magic mapping {unknown}
 t - 2 scrolls of blinking {unknown}
 u - 2 scrolls of recharging {unknown}
 y - a scroll of holy word {unknown}
 B - a scroll of enchant weapon {unknown}
 F - a scroll of enchant armour {unknown}
 I - a scroll of noise {unknown}
Potions
 b - 2 potions of flight
 d - 6 potions of might
 g - a potion of cure mutation {unknown}
 q - 6 potions of curing
 r - 2 potions of lignification {unknown}
 s - 2 potions of agility {unknown}
 w - 3 potions of haste
 x - a potion of brilliance {unknown}
 z - a potion of heal wounds {unknown}
 A - a potion of ambrosia {unknown}
 G - a potion of magic {unknown}
 J - 4 potions of cancellation {unknown}
 K - a potion of berserk rage {unknown}
Books
 a - a book of Changes

   Spells                             Type                      Level
   a - Beastly Appendage              Transmutation                1
   b - Sticks to Snakes               Transmutation                2
   c - Spider Form                    Transmutation/Poison         3
   d - Ice Form                       Ice/Transmutation            4
   e - Blade Hands                    Transmutation                5
Comestibles
 f - 10 bread rations
 k - 9 meat rations
 v - 16 fruits
 D - 8 beef jerkies
 L - 3 chunks of flesh


   Skills:
 + Level 8.8 Fighting
 + Level 7.7 Maces & Flails
 - Level 3.4 Armour
 * Level 9.3 Dodging
 - Level 3.2 Shields


You had 9 spell levels left.
You didn't know any spells.

Dungeon Overview and Level Annotations

Branches:
Dungeon (9/15)             Temple (0/1) D:7            Lair (0/6) D:9
    Orc: D:9-12

Altars:
Elyvilon
Fedhas
Hepliaklqana
Kikubaaqudgha
Okawaru
Ru
Sif Muna
Uskayaw
Vehumet

Shops:
D:4 =

Annotations:
D:9 Psyche


Innate Abilities, Weirdness & Mutations

You are resistant to torment.
Your stone body is resilient. (AC +7)
You are immune to poison.
You resist negative energy. (rN+)
You are resistant to electric shocks. (rElec)
You can survive without breathing.
You are immune to petrification.
You are immune to rotting.
Your life essence is reduced. (-10% HP)
You have a pair of small antennae on your head.
You have razor-sharp toenails.
You possess an exceptional clarity of mind.
You are resistant to hostile enchantments. (MR+)
Your muscles are strong. (Str +2)
Your spells are a little harder to cast, but a little more powerful.


Message History

The orc warrior is severely wounded.
Khael hits the fungus with a dagger of draining.
The river rat bites Khael!
The river rat closely misses Khael.
The orc warrior misses you.
You barely miss the orc warrior.
You claw the orc warrior, but do no damage.
The orc warrior is severely wounded.
Khael hits the fungus but does no damage.
The river rat bites Khael.
The river rat bites Khael!
You closely miss the orc warrior. Your kick misses the orc warrior.
The orc warrior is severely wounded.
The orc warrior hits you with a dire flail!
* * * LOW HITPOINT WARNING * * *
Khael hits the river rat but does no damage.
The river rat bites Khael.
The river rat closely misses Khael.
You hit the orc warrior.
You claw the orc warrior, but do no damage.
The orc warrior is almost dead.
The orc warrior hits you with a dire flail!!
You die...

#######....#
####†# .. #...#
############)##.#
# #.###
........%÷...#.#
#.# #
####.P....####.#
#.###
.....P.........#
#.##.
#..!P.rP....P###
#....
#....Prr.P.....#
####.
..PP.PPRP...P..#
#.
P..P.##@#PP....#
##
..P.P#)o#..PP..#
.....#>.#..P.P.#
...P ####......#
PPPP...# PPb....#
PrPP....#


You could see the friendly Khael the hexer, an orc warrior, 2 river rats and a
rat.

Vanquished Creatures
  A two-headed ogre (D:9)
  2 hippogriffs (D:9)
  A hornet (D:8)
  Duvessa (D:7)
  2 ice beasts (D:8)
  2 sky beasts
  A necrophage (D:9)
  A phantom (D:6)
  A black bear (D:7)
  An orc warrior (D:6)
  4 ogres
  2 elf zombies (D:5)
  5 bullfrogs
  A water moccasin zombie (Ossuary)
  An elf skeleton (D:5)
  A scorpion (D:5)
  A centaur zombie (D:9)
  A crimson imp (D:6)
  6 hounds
  A jelly (D:9)
  An orc priest (D:4)
  2 bullfrog skeletons
  2 iguanas
  2 orc wizards (D:7)
  7 worker ants
  A hound skeleton (D:5)
  2 mummies (Ossuary)
  11 adders
  A howler monkey skeleton (D:4)
  4 river rats (D:9)
  2 shadow imps
  3 adder zombies
  2 worms (D:2)
  9 dart slugs
  2 leopard geckos
  14 orcs
  A giant cockroach (D:2)
  5 gnoll zombies (Ossuary)
  3 goblins
  12 hobgoblins
  8 kobolds
  4 quokkas
  A ball python (D:3)
  13 bats
  4 frilled lizards
  3 hobgoblin zombies (Ossuary)
  A jackal skeleton (D:6)
  3 kobold zombies (Ossuary)
  An orc skeleton (D:5)
  3 orc zombies
  A quokka skeleton (D:8)
  10 rats
174 creatures vanquished.

Vanquished Creatures (collateral kills)
  Erica (D:8)
  An orc warrior (D:7)
  A sky beast (D:7)
  A centaur (D:7)
  An ogre (D:5)
  A big kobold (D:6)
  A bullfrog (D:7)
  A water moccasin zombie (Ossuary)
  Dowan (D:7)
  An electric eel (D:6)
  2 crimson imps
  2 hounds
  2 orc wizards
  5 worker ants
  A big kobold zombie (Ossuary)
  3 adder zombies (Ossuary)
  2 dart slugs (D:6)
  4 orcs
  2 giant cockroaches
  A goblin (D:3)
  2 kobolds (D:6)
  A quokka (D:8)
  A hobgoblin zombie (Ossuary)
  3 kobold zombies (Ossuary)
  An orc skeleton (D:5)
  An orc zombie (Ossuary)
  2 rats
45 creatures vanquished.

Vanquished Creatures (others)
  An orc (D:8)
  A fungus (D:9)
2 creatures vanquished.

Grand Total: 221 creatures vanquished

Notes
Turn   | Place    | Note
-------+----------+-------------------------------------------
     0 | D:1      | MovingMist the Gargoyle Fighter began the quest for the Orb.
     0 | D:1      | Reached XP level 1. HP: 14/14 MP: 1/1
   324 | D:1      | Reached XP level 2. HP: 19/19 MP: 2/2
   395 | D:1      | Reached skill level 1 in Dodging
   570 | D:2      | Reached XP level 3. HP: 22/23 MP: 3/3
   578 | D:2      | Found a hazy altar of Hepliaklqana.
   587 | D:2      | Became a worshipper of Hepliaklqana the Forgotten
  1037 | D:2      | Reached skill level 2 in Dodging
  1049 | D:2      | Reached XP level 4. HP: 24/26 MP: 4/4
  1172 | D:2      | Found a faded altar of an unknown god.
  1526 | D:3      | Reached * piety under Hepliaklqana
  1726 | D:3      | Reached XP level 5. HP: 29/29 MP: 5/5
  1789 | D:4      | Found Yloheuf's Jewellery Shop.
  1799 | D:4      | Reached skill level 3 in Dodging
  1980 | D:4      | Reached XP level 6. HP: 32/34 MP: 6/6
  2444 | D:5      | Entered Level 5 of the Dungeon
  2510 | D:5      | Found a blossoming altar of Fedhas.
  2520 | D:5      | Reached ** piety under Hepliaklqana
  2521 | D:5      | Remembered your ancestor Khael as a hexer
  2535 | D:5      | Found a deep blue altar of Sif Muna.
  2592 | D:5      | Reached skill level 4 in Dodging
  2592 | D:5      | Reached XP level 7. HP: 13/39 MP: 7/7
  2766 | D:5      | Reached skill level 5 in Fighting
  2792 | D:5      | Found a sand-covered staircase.
  2799 | Ossuary  | Entered an ossuary
  3202 | D:5      | Reached skill level 5 in Dodging
  3229 | D:5      | Reached XP level 8. HP: 45/45 MP: 8/8
  3781 | D:5      | Reached skill level 5 in Maces & Flails
  3982 | D:6      | Gained mutation: You possess an exceptional clarity of mind. [mutagenic meat]
  3983 | D:6      | Gained mutation: Your spells are a little harder to cast, but a little more powerful. [mutagenic meat]
  3984 | D:6      | Gained mutation: You have a pair of small antennae on your head. [mutagenic meat]
  3985 | D:6      | Gained mutation: You have sharp toenails. [mutagenic meat]
  3987 | D:6      | Gained mutation: Your muscles are strong. (Str +2) [mutagenic meat]
  4009 | D:6      | Reached skill level 6 in Dodging
  4289 | D:6      | Reached XP level 9. HP: 36/50 MP: 9/9
  4784 | D:7      | Reached skill level 7 in Dodging
  4866 | D:7      | Found an ancient bone altar of Kikubaaqudgha.
  4916 | D:7      | Found a white marble altar of Elyvilon.
  4921 | D:7      | Found a sacrificial altar of Ru.
  4961 | D:7      | Found a staircase to the Ecumenical Temple.
  5348 | D:7      | Found a radiant altar of Vehumet.
  5349 | D:7      | Found a hide-covered altar of Uskayaw.
  5376 | D:7      | Noticed Dowan
  5378 | D:7      | Noticed Duvessa
  5392 | D:7      | Killed Dowan
  5397 | D:7      | Killed Duvessa
  5417 | D:7      | Found an iron altar of Okawaru.
  6034 | D:8      | Reached skill level 8 in Dodging
  6235 | D:8      | Noticed Erica
  6248 | D:8      | Killed Erica
  6248 | D:8      | Reached XP level 10. HP: 53/57 MP: 10/10
  6282 | D:8      | Reached *** piety under Hepliaklqana
  6306 | D:8      | Gained mutation: You have razor-sharp toenails. [mutagenic meat]
  6308 | D:8      | Gained mutation: You are resistant to hostile enchantments. (MR+) [mutagenic meat]
  6791 | D:9      | Noticed Psyche
  6817 | D:9      | Reached skill level 9 in Dodging
  7147 | D:9      | Found a staircase to the Lair.
  7166 | D:9      | Mangled by an orc warrior

Skill      XL: |  1  2  3  4  5  6  7  8  9 10 |
---------------+-------------------------------+-----
Dodging        | 1 2 3 4 5 6 8 9 |  9.3
Maces & Flails | 3 4 5 7 |  7.7
Fighting       | 4 5 6 8 |  8.8
Armour         | |  3.4
Shields        | |  3.2

Action                   |  1- 3 |  4- 6 |  7- 9 | 10-12 || total
-------------------------+-------+-------+-------+-------++-------
Melee: Flail             |   113 |   154 |   297 |       ||   564
       Kick              |       |       |    69 |    56 ||   125
       Morningstar       |       |       |   167 |   146 ||   313
       Dire flail        |       |       |       |    20 ||    20
Invok: Recall Ancestor   |     1 |       |       |     1 ||     2
       Ancestor Identity |     1 |       |       |       ||     1
       Ancestor Life: He |       |     1 |       |       ||     1
  Use: Scroll            |       |       |     6 |       ||     6
 Stab: Confused          |       |       |     8 |       ||     8
       Distracted        |       |       |     4 |       ||     4
       Paralysed         |       |       |     1 |       ||     1
  Eat: Chunk             |     1 |     5 |    14 |     5 ||    25
       Meat ration       |       |       |     1 |       ||     1
Armor: Scale mail        |    36 |       |       |       ||    36
       Chain mail        |    26 |    95 |   199 |    81 ||   401
Dodge: Dodged            |    27 |    33 |   140 |    56 ||   256
Block: Shield            |    58 |    68 |   196 |    82 ||   404
